 Dungeon Crawl Stone Soup version 0.31-a0-925-g0a390f2509 (webtiles) character file.

Game seed: 11414537329432698411

421 Andrea171104 the Trooper (level 6, 0/40 HPs)
             Began as a Gargoyle Monk on Oct 18, 2023.
             Slain by a killer bee (6 damage)
             ... on level 7 of the Dungeon.
             The game lasted 00:10:55 (1410 turns).

Andrea171104 the Trooper (Gargoyle Monk)            Turns: 1410, Time: 00:10:56

Health: 0/40       AC:  8    Str: 14    XL:     6   Next: 94%
Magic:  6/6        EV: 13    Int: 13    God:
Gold:   70         SH:  0    Dex: 12    Spells: 5/5 levels left

rFire   + . .        e - +1 short sword (venom)
rCold   x . .        d - orb {light}
rNeg    + . .        j - +0 robe
rPois   ∞            u - +0 helmet
rElec   +            i - +0 cloak
rCorr   .            (no gloves)
SInv    .            (no boots)
Will    .....        (no amulet)
Stlth   +            t - ring of fire
HPRegen 0.26/turn    (no ring)
MPRegen 0.10/turn

%: no passive effects
@: glowing, invisible (but backlit and visible)
A: sickness immunity, AC +4, negative energy resistance 1, electricity
resistance, torment resistance 1, petrification resistance
a: no special abilities


You were on level 7 of the Dungeon.
You visited 1 branch of the dungeon, and saw 7 of its levels.

You collected 70 gold pieces.

Inventory:

Hand Weapons
 a - a +0 falchion
 e - a +1 short sword of venom (weapon)
 q - the +9 sling of the Forsaken Eyes {antimagic, rF+ Will+}
   (You found it on level 2 of the Dungeon)

   rF+:       It protects you from fire.
   Will+:     It increases your willpower.
Missiles
 l - 5 poisoned darts
Armour
 b - a +0 robe
 d - an orb of light (worn)
 h - a +0 scale mail
 i - a +0 cloak (worn)
 j - a +0 robe (worn)
 o - a +0 chain mail
 u - a +0 helmet (worn)
Jewellery
 t - a ring of fire (left hand)
Scrolls
 n - 2 scrolls of immolation {unknown}
Potions
 f - a potion of enlightenment {unknown}
 g - a potion of lignification {unknown}
 k - a potion of attraction {unknown}
 p - a potion of resistance {unknown}
 r - a potion of cancellation {unknown}
 s - a potion of curing {unknown}
 v - a potion of heal wounds {unknown}


   Skills:
 + Level 4.8 Fighting
 + Level 3.0(3.9) Short Blades
 + Level 3.6(4.2) Long Blades
 + Level 4.0 Dodging
 + Level 0.8 Stealth


You had 5 spell levels left.
You didn't know any spells.
Your spell library was empty.

Dungeon Overview and Level Annotations

Branches:
Dungeon (7/15)
 Temple: D:4-7

Altars:

Shops:
D:5 =

Annotations:
D:3 Grinder


Innate Abilities, Weirdness & Mutations

You are immune to sickness and miasma.
Your stone body is resilient. (AC +4)
You are immune to poison.
You resist negative energy. (rN+)
You are resistant to electric shocks. (rElec)
You are resistant to unholy torment.
You are immune to petrification.


Message History

The killer bee stings you but does no damage.
The killer bee closely misses you.
The killer bee stings you but does no damage.
You barely miss the killer bee.
The killer bee is moderately wounded.
The killer bee barely misses you. The killer bee closely misses you. x3
The killer bee barely misses you.
You closely miss the killer bee.
The killer bee is heavily wounded.
The killer bee stings you! The killer bee barely misses you.
The killer bee stings you.
The killer bee stings you but does no damage. x2
The killer bee barely misses you. The killer bee closely misses you.
The killer bee completely misses you.
The killer bee stings you but does no damage. x2
You closely miss the killer bee. The killer bee barely misses you.
The killer bee closely misses you. The killer bee stings you.
The killer bee closely misses you.
The killer bee stings you but does no damage.
You completely miss the killer bee. The killer bee barely misses you.
The killer bee stings you but does no damage.
The killer bee barely misses you.
The killer bee stings you but does no damage.
The killer bee stings you. x2
The killer bee stings you but does no damage.
The killer bee misses you. x2
It was a potion of invisibility.
You become transparent, but the glow from your halo prevents you from becoming completely invisible.
The killer bee stings you!
* * * LOW HITPOINT WARNING * * *
The killer bee stings you.
* * * LOW HITPOINT WARNING * * *
The killer bee closely misses you. x2; The killer bee stings you.
* * * LOW HITPOINT WARNING * * *
The killer bee closely misses you.
The killer bee stings you but does no damage. x2
The killer bee barely misses you. The killer bee stings you.
* * * LOW HITPOINT WARNING * * *
The killer bee stings you.
You die...

##.##.########
#.##..........
#.##..........
##.##..........
#..............
###..#...........
####.#yy..............
......y@y.....<......#
#....?yyy.....######.#
#......y<...###
#.....$........
####............
#.......#####
#.#...#.# #.....#.#


You could see 8 killer bees.

Vanquished Creatures
  Eustachio (D:5)
  An ice beast (D:6)
  A sky beast (D:4)
  A hound (D:5)
  A sleepcap (D:7)
  2 adders
  4 ball pythons
  An endoplasm (D:3)
  3 giant cockroaches
  A goblin (D:1)
  3 hobgoblins
  5 jackals
  4 kobolds
  A quokka (D:1)
  2 bats
  3 rats
34 creatures vanquished.

Notes
Turn   | Place    | Note
-------+----------+-------------------------------------------
     0 | D:1      | Andrea171104 the Gargoyle Monk began the quest for the Orb.
     0 | D:1      | Reached XP level 1. HP: 14/14 MP: 1/1
    28 | D:1      | Reached XP level 2. HP: 18/19 MP: 2/2
   344 | D:2      | Reached XP level 3. HP: 23/24 MP: 3/3
   507 | D:2      | Identified the +9 sling of the Forsaken Eyes {antimagic,
                  | rF+ Will+}
   624 | D:3      | Noticed Grinder
   644 | D:3      | Paralysed by Grinder for 4 turns
   765 | D:3      | Paralysed by Grinder for 3 turns
   900 | D:4      | Noticed a sky beast
   916 | D:4      | Killed a sky beast
   917 | D:4      | Reached skill level 1 in Short Blades
   917 | D:4      | Reached XP level 4. HP: 24/30 MP: 4/4
   917 | D:4      | Reached XP level 5. HP: 27/34 MP: 5/5
   927 | D:5      | Entered Level 5 of the Dungeon
   967 | D:5      | Noticed Eustachio
   983 | D:5      | Found Mesapas's Jewellery Shop.
  1052 | D:5      | Killed Eustachio
  1053 | D:5      | Reached XP level 6. HP: 25/39 MP: 6/6
  1169 | D:6      | Noticed an ice beast
  1187 | D:6      | Killed an ice beast
  1410 | D:7      | Slain by a killer bee

Illustrated notes

Levels and vault maps discovered:
D:1:      shiori_shiawase, layout_basic, solitary_fountain, minmay_nonomino_d4
D:2:      layout_basic
D:3:      layout_loops_ring, dreamdust_ecumenical_altar_hidden_monk_grotto,
          minmay_lizard_king, uniq_grinder
D:4:      layout_rooms, cheibrodos_ashenzari_chains,
          minmay_temple_entry_poolview, minmay_ruined_shrine
D:5:      layout_basic, serial_shops, nicolae_shop_waterfront,
          nicolae_shop_mannequins, hangedman_abyss_or_decor_slice,
          uniq_eustachio, uniq_ijyb
D:6:      layout_basic, amcnicky_mini_corridor_feature, minmay_manual_mess,
          uniq_crazy_yiuf_cottage
D:7:      layout_basic, dk_yredelemnul_ordeal, enter_bailey_4, kennysheep_dice

Skill      XL: |  1  2  3  4  5  6 |
---------------+-------------------+-----
Long Blades    | 3 |  3.6
Fighting       | 4 |  4.8
Short Blades   | 1 2 3 |  3.0
Dodging        | 3 4 |  4.0
Stealth        | |  0.8

Action                     |  1- 3 |  4- 6 || total
---------------------------+-------+-------++-------
  Melee: Falchion          |    31 |       ||    31
         Short sword       |    56 |    59 ||   115
    Use: Scroll            |     2 |       ||     2
         Potion            |       |     2 ||     2
 Armour: Robe              |    60 |    48 ||   108
  Dodge: Dodged            |    77 |    51 ||   128

Table legend: (Time is in decaauts)
 A = Elapsed time spent in this place.
 B = Non-inter-level travel time spent in this place.
 C = Inter-level travel time spent in this place.
 D = Time resting spent in this place.
 E = Time spent auto-exploring this place.
 F = Levels seen in this place.
 G = Mean time per level.
                   A        B        C        D        E       F      G
               +--------+--------+--------+--------+--------+-----+--------+
         Total |   1397 |   1390 |      7 |    296 |      0 |   7 |  199.6 |
       Dungeon |   1397 |   1390 |      7 |    296 |      0 |   7 |  199.6 |
               +--------+--------+--------+--------+--------+-----+--------+

Top non-repeatable levels by time:
     D:2: 364 daAuts
     D:3: 308 daAuts
     D:5: 238 daAuts
     D:1: 219 daAuts
     D:6: 207 daAuts
     D:4: 32 daAuts
     D:7: 27 daAuts
